 Dungeon Crawl Stone Soup version 0.28-a0-984-g3775c662fe (webtiles) character file.

Game seed: 15517234588042118048

8751 demibob the Basher (level 11, -1/111 HPs)
             Began as a Demonspawn Gladiator on Dec 3, 2021.
             Was a Priest of Nemelex Xobeh.
             Slain by a black mamba (5 damage)
             ... on level 2 of the Lair of Beasts.
             The game lasted 00:23:40 (14448 turns).

demibob the Basher (Demonspawn Gladiator)          Turns: 14448, Time: 00:23:41

Health: -1/111     AC: 25    Str: 18    XL:     11   Next: 14%
Magic:  19/19      EV:  2    Int: 16    God:    Nemelex Xobeh [***...]
Gold:   188        SH:  4    Dex: 21    Spells: 10/10 levels left

rFire   . . .      SeeInvis .   a - +1 flail
rCold   . . .      Faith    .   (no shield)
rNeg    . . .      Spirit   .   (armour currently unavailable)
rPois   +          Reflect  .   (helmet currently unavailable)
rElec   .          Harm     .   (cloak currently unavailable)
rCorr   .          Rampage  .   (gloves currently unavailable)
Will    .....      NoTele   +   (boots currently unavailable)
Stlth   +++.......              (no amulet)
HPRegen 0.28/turn               I - +6 ring of intelligence
MPRegen 0.16/turn               w - ring "Ifycu" {Dex+6 Stlth+}

@: lethally poisoned (-1 -> -28), tree-form
A: stationary, stasis, torment immunity, boosted hp, rugged brown scales 1, foul
stench 1, condensation shield, (weakness stinger 2)
a: Renounce Religion, Draw Escape, Draw Destruction, Draw Summoning, Triple Draw


You were on level 2 of the Lair of Beasts.
You worshipped Nemelex Xobeh.
Nemelex Xobeh was most pleased with you.
You were a tree.
You visited 3 branches of the dungeon, and saw 14 of its levels.

You collected 443 gold pieces.
You spent 255 gold pieces at shops.


Innate Abilities, Weirdness & Mutations

You are a tree.
Your roots penetrate the ground, keeping you stationary.
You cannot be teleported.
You are immune to unholy pain and torment.
Your maximum health is greatly increased.
Your equipment is partially melded.
(You are partially covered in rugged brown scales. (AC +1, +3% HP))
You may rarely emit foul miasma when damaged in melee.
A meltable shield of frost defends you. (SH +4)
((You have a tail ending in a sharp stinger.))


   Skills:
 - Level 2.0 Fighting
 + Level 12.6 Maces & Flails
 - Level 1.7 Throwing
 - Level 5.9 Armour
 - Level 2.6 Dodging
 + Level 11.3 Invocations


You had 10 spell levels left.
You didn't know any spells.
Your spell library contained the following spells:

 Spells                   Type           Power      Damage    Failure   Level
 Gell's Gravitas          Tloc           0%         N/A       58%         3
 Lesser Beckoning         Tloc           0%         N/A       58%         3
 Teleport Other           Tloc           0%         N/A       58%         3
 Fireball                 Conj/Fire      0%         3d3       100%        5
 Starburst                Conj/Fire      0%         6d3       100%        6
 Ignition                 Fire           0%         3d3       100%        8

Inventory:

Hand Weapons
 a - a +1 flail (weapon)
Missiles
 d - a throwing net (quivered) {=f}
 h - 70 poisoned darts
Armour
 c - a +1 helmet (melded)
 f - a +2 pair of gloves (melded)
 p - a +0 scale mail of willpower (melded)
 y - a +0 pair of boots (melded)
Magical Staves
 g - a staff of earth {!a}
Jewellery
 w - the ring "Ifycu" (right branch) {Dex+6 Stlth+}
   (You found it on level 7 of the Dungeon)

   [ring of dexterity]

   Dex:       It affects your dexterity (+6).
   Stlth:     It makes you more stealthy.
 I - a +6 ring of intelligence (left branch)
Wands
 e - a wand of flame (37)
 r - a wand of polymorph (7)
Scrolls
 i - a scroll of enchant armour
 k - 2 scrolls of fear
 n - 2 scrolls of enchant weapon
 q - 2 scrolls of magic mapping
 s - 4 scrolls of teleportation {@r2}
Potions
 j - 2 potions of lignification
 l - 3 potions of flight
 m - a potion of resistance
 o - 2 potions of attraction
 t - 2 potions of brilliance
 v - 3 potions of haste {@q3}

Dungeon Overview and Level Annotations

Branches:
Dungeon (11/15)            Temple (1/1) D:6            Lair (2/6) D:8
  Swamp: Lair:2-4    Shoals: Lair:2-4     Snake: Lair:2-4    Spider: Lair:2-4
    Orc: D:9-12

Altars:
Ashenzari
Cheibriados
Dithmenos
Elyvilon
Gozag
Hepliaklqana
Kikubaaqudgha
Makhleb
Nemelex Xobeh
Okawaru
Sif Muna
Wu Jian
Xom
Yredelemnul
Zin
The Shining One

Shops:
D:3 (:*!   D:6 [   D:8 !

Annotations:
D:5 1 runed translucent door, Crazy Yiuf
Lair:1 exclusion: oklob plant

#.....
#....
#....
#... P..♣
##..#
##S†.#♣
#.#♣..♣
#....♣
#.<.#♣
##...#
#...♣
......
#......
..#..##..
#..### .


You could see a black mamba.


Message History

You closely miss the black mamba.
The black mamba is moderately wounded.
* * * LOW HITPOINT WARNING * * *
You feel very sick. You block the black mamba's attack.
You sock the black mamba!
The black mamba is almost dead.
* * * LOW HITPOINT WARNING * * *
You feel very sick. The black mamba completely misses you.
Okay, then.
Enter note: oh It was a potion of cancellation.
You feel magically purged.
* * * LOW HITPOINT WARNING * * *
You feel very sick. The black mamba barely misses you.
The black mamba bites you.
* * * LOW HITPOINT WARNING * * *
You are more poisoned.
The black mamba poisons you!
Really quaff the potion of lignification?
You turn into a tree.
Your +1 helmet melds into your body.
Your +2 pair of gloves melds into your body.
Your +0 pair of boots melds into your body.
Your +0 scale mail of willpower melds into your body.
You feel less strong-willed.
Your roots penetrate the ground.
* * * LOW HITPOINT WARNING * * *
You feel extremely sick. The black mamba bites you.
You die...
Your body glows slightly and disappears.

Skill      XL: |  1  2  3  4  5  6  7  8  9 10 11 |
---------------+----------------------------------+-----
Maces & Flails | 3 5 6 7 8 9 11 12 | 12.6
Armour         | 2 5 |  5.9
Invocations    | 7 10 11 | 11.3
Fighting       | |  2.0
Throwing       | |  1.7
Dodging        | |  2.6

Action                   |  1- 3 |  4- 6 |  7- 9 | 10-12 || total
-------------------------+-------+-------+-------+-------++-------
Melee: Flail             |   130 |    91 |   333 |   328 ||   882
       Tailslap          |    12 |     9 |    60 |    71 ||   152
Throw: Throwing net      |       |       |       |     2 ||     2
Invok: Draw Destruction  |       |       |       |     9 ||     9
       Draw Summoning    |       |       |       |     1 ||     1
Evoke: Wand              |     7 |     5 |     6 |     1 ||    19
  Use: Scroll            |     5 |     6 |     8 |     4 ||    23
       Potion            |       |       |     5 |     5 ||    10
 Stab: Sleeping          |     3 |     2 |     2 |     2 ||     9
Armor: Leather armour    |    39 |    27 |   105 |       ||   171
       Scale mail        |       |       |       |   166 ||   166
Dodge: Dodged            |    91 |    51 |   194 |   171 ||   507
Block: Other             |       |       |       |    10 ||    10

Levels and vault maps discovered:
D:1:      dpeg_arrival_round_a, layout_basic, minmay_worlds_worst_comb
D:2:      layout_loops_ring, basic_altar, dreamdust_ecumenical_altar_statues,
          dk_noncrumbling_2
D:3:      layout_loops_ring, serial_shops, nicolae_shop_overgrown_old_shop,
          nicolae_shop_trees, nicolae_shop_crystal, nicolae_square_shop,
          uniq_sigmund
D:4:      layout_basic, lemuel_tele_altar, kennysheep_slug_shrine
D:5:      layout_loops_ring, serial_park_tiny_pond, solitary_fountain,
          uniq_crazy_yiuf_cottage
D:6:      layout_rooms, makhleb_grotto_becter, minmay_temple_entry_grid,
          serial_shops, nicolae_shop_crystal, hex_intersection,
          kennysheep_generic_room_8
D:7:      layout_basic, marbit_many_paths, kennysheep_mini_moat,
          mainiacjoe_overflow_brackets
D:8:      layout_basic, grunt_dithmenos_shadows,
          mainiacjoe_overflow_tiny_flanked, lair_entry_dummy, serial_shops,
          nicolae_shop_statue_plus
D:9:      layout_roguey, lightli_corner_chamber
D:10:     layout_small_grid
D:11:     layout_rooms, hiddenorc2_lemuel, hellmonk_ghost_happy_afterlife
Temple:   eino_temple_water
Lair:1:   layout_regular_city, minmay_lair_oklob_bushes, wad_woods_road_04,
          lemuel_fruit_tree
Lair:2:   layout_small_grid, minmay_swamp_entry_worms, serial_rivers,
          chequers_serial_rivers_room_b, chequers_serial_rivers_small_b,
          chequers_serial_rivers_micro_e, chequers_serial_rivers_room_b,
          chequers_serial_rivers_micro_a, chequers_serial_rivers_micro_d,
          grunt_megastairs_1

Notes
Turn   | Place    | Note
-------+----------+-------------------------------------------
     0 | D:1      | demibob the Demonspawn Gladiator began the quest for the
                  | Orb.
     0 | D:1      | Reached XP level 1. HP: 16/16 MP: 1/1
    42 | D:1      | You fall into a shaft and drop 1 floor!
    48 | D:2      | Reached skill level 3 in Maces & Flails
    48 | D:2      | Gained mutation: You have a small tail. [demonic ancestry]
    48 | D:2      | Reached XP level 2. HP: 22/22 MP: 2/2
   619 | D:1      | Gained mutation: You have a tail ending in a sharp stinger.
                  | [demonic ancestry]
   619 | D:1      | Reached XP level 3. HP: 27/27 MP: 3/3
   788 | D:1      | Reached skill level 4 in Maces & Flails
  1420 | D:2      | Found a shimmering altar of Xom.
  1529 | D:2      | Found a faded altar of an unknown god.
  1909 | D:3      | Noticed Sigmund
  1920 | D:3      | Killed Sigmund
  1921 | D:3      | Reached skill level 5 in Maces & Flails
  1921 | D:3      | Reached XP level 4. HP: 14/33 MP: 4/4
  1921 | D:3      | Reached XP level 5. HP: 16/38 MP: 5/5
  2111 | D:3      | Found Siothued's Antique Weapon Boutique.
  2129 | D:3      | Found Naryggom's Assorted Antiques.
  2137 | D:3      | Reached skill level 6 in Maces & Flails
  2313 | D:3      | Bought a scroll labelled EHELIA VIQABB for 26 gold pieces
  2313 | D:3      | Bought a scroll labelled NUTIZX NEUSETH for 26 gold pieces
  2313 | D:3      | Bought a scroll labelled GYSSEDASTRU for 26 gold pieces
  2523 | D:3      | Found Fumniorch's Distillery.
  2750 | D:3      | Found Ynal Koo's Book Shoppe.
  3265 | D:4      | Noticed a black bear
  3279 | D:4      | Gained mutation: You are partially covered in rugged brown
                  | scales. (AC +1, +3% HP) [demonic ancestry]
  3279 | D:4      | Reached XP level 6. HP: 38/45 MP: 6/6
  3456 | D:4      | Reached skill level 7 in Maces & Flails
  3594 | D:4      | Gained mutation: You may rarely emit foul miasma when
                  | damaged in melee. [demonic ancestry]
  3594 | D:4      | Reached XP level 7. HP: 46/51 MP: 7/7
  3666 | D:4      | Found a shimmering blue altar of Sif Muna.
  4051 | D:4      | Found a snail-covered altar of Cheibriados.
  4083 | D:5      | Entered Level 5 of the Dungeon
  4273 | D:5      | Reached skill level 1 in Armour
  4277 | D:5      | Reached skill level 8 in Maces & Flails
  4627 | D:5      | Reached skill level 2 in Armour
  5038 | D:5      | Found a runed translucent door.
  5039 | D:5      | Noticed Crazy Yiuf
  5106 | D:5      | Reached XP level 8. HP: 27/57 MP: 8/8
  5110 | D:5      | Reached skill level 3 in Armour
  5501 | D:5      | Identified a potion of resistance
  5769 | D:6      | Reached skill level 4 in Armour
  5823 | D:6      | Reached skill level 9 in Maces & Flails
  6183 | D:6      | Found Ybro's Antique Armour Boutique.
  6289 | D:6      | Reached skill level 5 in Armour
  6604 | D:6      | Found a staircase to the Ecumenical Temple.
  6628 | D:6      | Found a burning altar of Makhleb.
  6683 | D:6      | Reached XP level 9. HP: 37/62 MP: 9/9
  6693 | Temple   | Entered the Ecumenical Temple
  6882 | Temple   | Became a worshipper of Nemelex Xobeh the Trickster
  7053 | D:7      | Reached skill level 1 in Invocations
  7228 | D:7      | Identified the ring "Ifycu" {Dex+6 Stlth+}
  7336 | D:7      | Reached skill level 2 in Invocations
  7360 | D:7      | Reached skill level 10 in Maces & Flails
  7488 | D:7      | Reached skill level 3 in Invocations
  7589 | D:7      | Reached skill level 4 in Invocations
  8030 | D:7      | Found an opulent altar of Gozag.
  8069 | D:7      | Noticed a two-headed ogre
  8075 | D:7      | Reached skill level 5 in Invocations
  8093 | D:8      | HP: 2/62 [bullfrog (6)]
  8384 | D:8      | Found an iron altar of Okawaru.
  8633 | D:8      | Found a shadowy altar of Dithmenos.
  8642 | D:8      | Reached skill level 6 in Invocations
  8660 | D:8      | Found a staircase to the Lair.
  8703 | D:7      | Killed a two-headed ogre
  8704 | D:7      | Reached skill level 11 in Maces & Flails
  8704 | D:7      | Reached skill level 7 in Invocations
  8904 | D:7      | Reached XP level 10. HP: 53/69 MP: 15/15
  9001 | D:7      | Found an ancient bone altar of Kikubaaqudgha.
  9112 | D:7      | Found a broken altar of Ashenzari.
  9239 | D:6      | Bought a runed scale mail for 147 gold pieces
  9580 | D:7      | Reached * piety under Nemelex Xobeh
 10019 | D:8      | Found Zotwuczo's Distillery.
 10026 | D:8      | Bought a potion of curing for 30 gold pieces
 10225 | D:8      | Received a gift from Nemelex Xobeh
 10914 | D:9      | Reached skill level 8 in Invocations
 11473 | D:9      | Received a gift from Nemelex Xobeh
 11617 | D:9      | Reached ** piety under Nemelex Xobeh
 11839 | D:9      | Noticed a boulder beetle
 11840 | D:9      | Noticed a cyclops
 11976 | D:10     | Entered Level 10 of the Dungeon
 12061 | D:10     | Reached skill level 9 in Invocations
 12067 | D:10     | Noticed an orange demon
 12068 | D:10     | Noticed a rust devil
 12068 | D:10     | an orange demon changed into a rust devil
 12398 | D:10     | Reached skill level 12 in Maces & Flails
 12820 | D:11     | Noticed a gargoyle
 12837 | D:10     | Reached skill level 10 in Invocations
 12913 | Lair:1   | Entered Level 1 of the Lair of Beasts
 12941 | Lair:1   | Noticed a cane toad
 12953 | Lair:1   | Killed a cane toad
 13223 | Lair:1   | Noticed a cane toad
 13242 | Lair:1   | Killed a cane toad
 13450 | Lair:1   | Gained mutation: A meltable shield of frost defends you.
                  | (SH +4) [demonic ancestry]
 13450 | Lair:1   | Reached XP level 11. HP: 74/74 MP: 19/19
 13464 | Lair:1   | Reached skill level 11 in Invocations
 13620 | Lair:1   | Noticed an oklob plant
 13669 | Lair:1   | Reached *** piety under Nemelex Xobeh
 14447 | Lair:2   | >>oh
 14447 | Lair:2   | HP: 7/74 [black mamba (2)]
 14448 | Lair:2   | Slain by a black mamba

Vanquished Creatures
  A two-headed ogre (D:7)
  4 cane toads (Lair:1)
  A kobold demonologist (D:10)
  A hornet (D:9)
  A shadow (D:10)
  A wraith (D:7)
  Sigmund (D:3)
  A fire bat (D:10)
  2 wyverns
  4 water moccasins
  2 black bears
  2 sky beasts
  2 orc warriors
  4 necrophages
  3 ice beasts
  4 ogres
  6 wolves (Lair:1)
  4 centaurs
  2 phantoms
  2 kobold brigands
  A wyvern zombie (D:8)
  5 bullfrogs
  A gnoll sergeant (D:10)
  4 scorpions
  A water moccasin zombie (D:5)
  6 killer bees (D:8)
  4 wights (D:8)
  7 howler monkeys
  A crimson imp (D:6)
  A bullfrog zombie (D:5)
  4 hounds
  A bullfrog skeleton (D:4)
  6 centaur zombies
  2 orc priests
  3 iguanas
  5 orc wizards
  A killer bee zombie (D:6)
  A gnoll (D:10)
  A howler monkey skeleton (D:6)
  7 adders
  2 shadow imps
  An ufetubus (D:5)
  An adder skeleton (D:4)
  A worm (D:3)
  5 dart slugs
  20 orcs
  3 bats
  5 endoplasms
  6 giant cockroaches
  11 goblins
  4 hobgoblins
  7 jackals
  23 kobolds
  4 quokkas
  9 ball pythons
  4 rats
216 creatures vanquished.

Vanquished Creatures (collateral kills)
  3 gnolls (D:10)
  A jackal (D:3)
4 creatures vanquished.

Vanquished Creatures (others)
  An orc (D:8)
  5 plants
6 creatures vanquished.

Grand Total: 226 creatures vanquished

Table legend: (Time is in decaauts)
 A = Elapsed time spent in this place.
 B = Non-inter-level travel time spent in this place.
 C = Inter-level travel time spent in this place.
 D = Time resting spent in this place.
 E = Time spent auto-exploring this place.
 F = Levels seen in this place.
 G = Mean time per level.
                   A        B        C        D        E       F      G
               +--------+--------+--------+--------+--------+-----+--------+
         Total |  14429 |  13791 |    638 |   2198 |   9705 |  14 | 1030.6 |
       Dungeon |  12707 |  12128 |    579 |   1970 |   8433 |  11 | 1155.2 |
        Temple |    208 |    169 |     39 |      0 |    162 |   1 |  208.0 |
          Lair |   1512 |   1493 |     19 |    228 |   1110 |   2 |  756.0 |
               +--------+--------+--------+--------+--------+-----+--------+

Top non-repeatable levels by time:
     D:7: 2062 daAuts
     D:8: 1808 daAuts
  Lair:1: 1499 daAuts
     D:5: 1461 daAuts
     D:3: 1335 daAuts
     D:6: 1273 daAuts
     D:9: 1144 daAuts
     D:2: 992 daAuts
     D:1: 937 daAuts
     D:4: 851 daAuts
    D:10: 835 daAuts
  Temple: 208 daAuts
  Lair:2: 13 daAuts
    D:11: 4 daAuts

Table legend:
 A = Non-vault XP
 B = Vault XP
 C = Vault XP percentage of total XP
 D = Non-vault monster count
 E = Vault monster count
 F = Vault count percentage of total count
                 A         B        C        D         E       F
            +---------+---------+-------+---------+---------+-------
      Total |   11929 |     573 |   4.6 |     213 |       8 |   3.6
            +---------+---------+-------+---------+---------+-------
        D:1 |      40 |       8 |  16.7 |      22 |       4 |  15.4
        D:2 |      46 |       0 |   0.0 |      20 |       0 |   0.0
        D:3 |      65 |     212 |  76.5 |      19 |       1 |   5.0
        D:4 |     422 |       0 |   0.0 |      19 |       0 |   0.0
        D:5 |     765 |       0 |   0.0 |      15 |       0 |   0.0
        D:6 |    1358 |      48 |   3.4 |      20 |       1 |   4.8
        D:7 |    2300 |     196 |   7.9 |      14 |       1 |   6.7
        D:8 |    1160 |     109 |   8.6 |      27 |       1 |   3.6
        D:9 |    1002 |       0 |   0.0 |      21 |       0 |   0.0
       D:10 |    1720 |       0 |   0.0 |      20 |       0 |   0.0
     Lair:1 |    2958 |       0 |   0.0 |      15 |       0 |   0.0
     Lair:2 |      93 |       0 |   0.0 |       1 |       0 |   0.0
            +---------+---------+-------+---------+---------+-------
